 Dungeon Crawl Stone Soup version 0.19.0-22-gd96e5fe (webtiles) character file.

336 Gargoyl the Agent of Entropy (level 6, -1/48 HPs)
             Began as a Demonspawn Abyssal Knight on Nov 19, 2016.
             Was a Priest of Lugonu.
             Slain by an ogre
             ... wielding a +0 giant spiked club
              (16 damage)
             ... on level 4 of the Dungeon.
             The game lasted 00:06:14 (3445 turns).

Gargoyl the Agent of Entropy (DsAK)                 Turns: 3445, Time: 00:06:15

Health: -1/48      AC: 14    Str: 15    XL:     6   Next: 28%
Magic:  9/9        EV:  4    Int: 13    God:    Lugonu [***...]
Gold:   218        SH:  0    Dex: 12    Spells: 0 memorised, 5 levels left

rFire  . . .     SeeInvis .     t - +2 hand axe (freeze)
rCold  . . .     Gourm    .     d - +0 plate armour
rNeg   . . .     Faith    .     (no shield)
rPois  .         Spirit   .     u - +2 hat
rElec  .         Reflect  .     m - +0 cloak
rCorr  .         Harm     .     (no gloves)
MR     .....                    (no boots)
Stlth  ..........               (no amulet)
                                (no ring)
                                (no ring)

@: no status effects
A: talons 1, nightstalker 1, powered by death 2
a: Depart the Abyss, Bend Space, Banish, Renounce Religion


You were on level 4 of the Dungeon.
You worshipped Lugonu.
Lugonu was most pleased with you.
You were near starving.

You visited 1 branch of the dungeon, and saw 4 of its levels.
You visited the Abyss 1 time.

You collected 218 gold pieces.

Inventory:

Hand Weapons
 a - a +1 hand axe
 t - a +2 hand axe of freezing (weapon)
Armour
 d - a +0 plate armour (worn)
 i - a +0 helmet
 m - a +0 cloak (worn)
 u - a +2 hat (worn)
Jewellery
 q - an uncursed ring of flight
Wands
 f - a wand of confusion (21/48)
 y - a wand of flame (25/48)
Scrolls
 b - a scroll of blinking
 e - a scroll of remove curse
 j - a scroll of fog
 k - 2 scrolls of enchant armour {unknown}
 n - a scroll of teleportation {unknown}
 p - a scroll of magic mapping {unknown}
 r - a scroll of identify
 s - a scroll of recharging {unknown}
 B - a scroll of noise {unknown}
Potions
 h - a potion of agility {unknown}
 l - 2 potions of might {unknown}
 v - 2 potions of resistance {unknown}
 w - 2 potions of curing {unknown}
 z - a potion of brilliance {unknown}
 A - 2 potions of cure mutation {unknown}
Comestibles
 c - 4 bread rations
 o - 2 beef jerkies
 x - 3 fruits


   Skills:
 + Level 3.7 Fighting
 + Level 3.8 Axes
 * Level 3.9 Armour
 + Level 1.0 Dodging
 * Level 4.0 Invocations


You had 5 spell levels left.
You didn't know any spells.

Dungeon Overview and Level Annotations

Branches:
Dungeon (4/15)             Temple (0/1) D:4

Altars:
Makhleb
Qazlal
Sif Muna
Vehumet
The Shining One


Innate Abilities, Weirdness & Mutations

You have sharp toenails.
You are slightly more attuned to the shadows.
You regenerate health from kills.


Message History

Throwing (i - inventory):
g - 2 tomahawks of dispersal (quivered)
Press: ? - help, Shift-Dir - straight line, f - ogre
Aim: an ogre, wielding a giant spiked club You throw a tomahawk of dispersal.
The tomahawk of dispersal hits the ogre but does no damage.
Throwing (i - inventory):
g - a tomahawk of dispersal (quivered)
Press: ? - help, Shift-Dir - straight line, f/p - ogre
Aim: an ogre, wielding a giant spiked club You throw a tomahawk of dispersal.
The tomahawk of dispersal closely misses the ogre.
The ogre hits you with a giant spiked club!
You slash the ogre! You freeze the ogre. You claw the ogre, but do no damage.
The ogre is moderately wounded.
You hit the ogre. You freeze the ogre. You claw the ogre, but do no damage.
The ogre is heavily wounded.
The ogre hits you with a giant spiked club!!
You hit the ogre. You freeze the ogre.
The ogre is heavily wounded.
The ogre hits you with a giant spiked club!
You die...

#............#
#............#
#............#
#............#
#####........#
#.######## #.#
#.#######
#......@#
#######O# #.#
#.# #.# #.#
#.#


You could see an ogre.

Vanquished Creatures
  A crimson imp (D:4)
  2 hounds (D:4)
  Crazy Yiuf (D:2)
  Robin (D:3)
  3 adders
  4 gnolls (D:3)
  An ooze (D:1)
  An adder skeleton (D:4)
  6 worms
  6 dart slugs
  3 leopard geckos
  An orc (D:4)
  6 bats
  4 giant cockroaches
  17 goblins
  12 hobgoblins
  4 jackals
  3 quokkas
  5 frilled lizards
  6 kobolds
  A quokka skeleton (D:4)
  8 rats
  A fungus (D:2)
97 creatures vanquished.

Notes
Turn   | Place    | Note
-------+----------+-------------------------------------------
     0 | Abyss:1  | Gargoyl the Demonspawn Abyssal Knight began the quest for the Orb.
     0 | Abyss:1  | Reached XP level 1. HP: 18/18 MP: 2/2
   116 | Abyss:2  | Noticed a storm dragon skeleton
   119 | Abyss:2  | Noticed a blizzard demon
   122 | D:1      | Escaped the Abyss
   146 | D:1      | Reached * piety under Lugonu
   197 | D:1      | Gained mutation: You are slightly more attuned to the shadows. [demonic ancestry]
   197 | D:1      | Reached XP level 2. HP: 24/24 MP: 4/4
   200 | D:1      | Reached skill level 3 in Invocations
   466 | D:1      | Reached skill level 1 in Dodging
   623 | D:1      | Gained mutation: You regenerate a little health from kills. [demonic ancestry]
   623 | D:1      | Reached XP level 3. HP: 27/29 MP: 5/5
  1355 | D:2      | Found a runed door.
  1395 | D:2      | Noticed Crazy Yiuf
  1407 | D:2      | Killed Crazy Yiuf
  1407 | D:2      | Gained mutation: You have sharp toenails. [demonic ancestry]
  1407 | D:2      | Reached XP level 4. HP: 13/36 MP: 6/6
  1717 | D:2      | Reached ** piety under Lugonu
  2256 | D:3      | Noticed Robin
  2260 | D:3      | Reached XP level 5. HP: 39/41 MP: 7/7
  2284 | D:3      | Killed Robin
  2612 | D:3      | Found a stormy altar of Qazlal.
  2612 | D:3      | Found a glowing golden altar of the Shining One.
  2614 | D:3      | Found a radiant altar of Vehumet.
  2615 | D:3      | Found a burning altar of Makhleb.
  2739 | D:3      | Reached *** piety under Lugonu
  3048 | D:3      | Found a deep blue altar of Sif Muna.
  3221 | D:4      | Gained mutation: You regenerate health from kills. [demonic ancestry]
  3221 | D:4      | Reached XP level 6. HP: 43/48 MP: 8/8
  3264 | D:4      | Reached skill level 4 in Invocations
  3418 | D:4      | Found a staircase to the Ecumenical Temple.
  3445 | D:4      | Slain by an ogre

Skill      XL: |  1  2  3  4  5  6 |
---------------+-------------------+-----
Invocations    | 3 4 |  4.0
Axes           | 2 3 |  3.8
Armour         | 2 3 |  3.9
Dodging        | 1 |  1.0
Fighting       | |  3.7

Action                   |  1- 3 |  4- 6 || total
-------------------------+-------+-------++-------
Melee: Hand axe          |   141 |   223 ||   364
       Kick              |       |    56 ||    56
Throw: Tomahawk          |       |     2 ||     2
Invok: Depart the Abyss  |     1 |       ||     1
  Use: Scroll            |       |     5 ||     5
       Potion            |       |     1 ||     1
  Eat: Chunk             |     1 |     6 ||     7
Armor: Plate armour      |   111 |   204 ||   315
Dodge: Dodged            |    20 |    60 ||    80
